[ AOE2 MATCH · #507959069 ]
UnrankedKoreans vs Spanish
Player's team · WIN
Rival team · LOSS
[ REPLAY ANALYSIS · EXTRACTED FROM THE RECORDED GAME ]
Feudal
8:09
Castle
20:43
Imperial
30:24
| APM avg | 42.3 |
| APM peak | 99 |
| eAPM avg | 22.7 |
| Villagers / military | 68 / 12 |
Focus
⚔️ 35.6% · 🌾 64.4%
Monk ×4 · Trebuchet (Packed) ×4 · Iron Pagoda ×2 · War Wagon ×1 · Battering Ram ×1
Feudal
10:56
Castle
15:36
Imperial
—
| APM avg | 52.6 |
| APM peak | 105 |
| eAPM avg | 29.0 |
| Villagers / military | 80 / 22 |
Focus
⚔️ 39.0% · 🌾 61.0%
Conquistador ×11 · Petard ×6 · Mangonel ×3 · Battering Ram ×2
Match map
Initial resources + every placement click. Lines = walls · curves = elevation contours. ◆ gold · ⬟ stone · ● berries · ✦ relic · ◌ wall gap
Your base· ✓ Closed at 20:43 · 6t walls · 3 gate(s)
Chili's base· ✓ Closed at 15:36 · 8t walls · 4 gate(s)
Smoothed initial terrain · ◌ = detected wall gap · hover for details
Inputs per minute
— Corzak - - Chili
Build order — Corzak
First 150 of 164 actions detected
| 0:00 | Queue | Villager (Male) |
| 0:00 | Queue | Villager (Male) |
| 0:02 | Build | House |
| 0:02 | Build | House |
| 0:08 | Queue | Villager (Male) |
| 0:15 | Queue | Villager (Male) |
| 1:20 | Queue | Villager (Male) |
| 1:53 | Queue | Villager (Male) |
| 2:20 | Build | Lumber Camp |
| 2:27 | Queue | Villager (Male) |
| 2:43 | Queue | Villager (Male) |
| 2:47 | Queue | Villager (Male) |
| 2:59 | Build | House |
| 3:04 | Queue | Villager (Male) |
| 3:37 | Queue | Villager (Male) |
| 4:27 | Queue | Villager (Male) |
| 4:41 | Queue | Villager (Male) |
| 5:06 | Build | Mining Camp |
| 5:17 | Research | Loom |
| 5:59 | Research | Feudal Age |
| 6:06 | Build | House |
| 6:33 | Build | House |
| 7:32 | Queue | Villager (Male) |
| 7:44 | Build | House |
| 8:09 | Age | Feudal Age |
| 8:13 | Build | Watch Tower |
| 8:16 | Queue | Villager (Male) |
| 8:22 | Build | Palisade Wall |
| 8:24 | Queue | Villager (Male) |
| 8:27 | Build | House |
| 8:28 | Build | House |
| 8:52 | Research | Double-Bit Axe |
| 9:16 | Queue | Villager (Male) |
| 9:39 | Queue | Villager (Male) |
| 10:23 | Queue | Villager (Male) |
| 10:26 | Build | Mill |
| 10:39 | Queue | Villager (Male) |
| 11:05 | Build | Watch Tower |
| 11:11 | Queue | Villager (Male) |
| 11:26 | Queue | Villager (Male) |
| 11:28 | Build | Farm |
| 11:30 | Build | Farm |
| 12:04 | Queue | Villager (Male) |
| 12:05 | Build | Farm |
| 12:07 | Build | Farm |
| 12:10 | Build | Farm |
| 12:16 | Queue | Villager (Male) |
| 12:26 | Build | Watch Tower |
| 12:35 | Build | Palisade Wall |
| 12:37 | Build | Palisade Wall |
| 12:38 | Build | Palisade Wall |
| 12:44 | Build | House |
| 12:45 | Build | Palisade Wall |
| 12:47 | Build | Palisade Wall |
| 12:50 | Queue | Villager (Male) |
| 12:57 | Queue | Villager (Male) |
| 13:12 | Build | Blacksmith |
| 13:26 | Queue | Villager (Male) |
| 13:36 | Queue | Villager (Male) |
| 13:51 | Research | Fletching |
| 13:59 | Queue | Villager (Male) |
| 14:00 | Queue | Villager (Male) |
| 14:10 | Queue | Villager (Male) |
| 14:11 | Queue | Villager (Male) |
| 14:24 | Queue | Villager (Male) |
| 14:37 | Queue | Villager (Male) |
| 14:52 | Queue | Villager (Male) |
| 14:53 | Build | House |
| 15:02 | Queue | Villager (Male) |
| 15:04 | Build | Farm |
| 15:04 | Build | Farm |
| 15:17 | Build | Farm |
| 15:28 | Queue | Villager (Male) |
| 15:43 | Queue | Villager (Male) |
| 15:45 | Build | Mining Camp |
| 16:29 | Build | Market |
| 17:01 | Build | Farm |
| 17:02 | Build | Farm |
| 18:01 | Build | Mining Camp |
| 18:03 | Research | Castle Age |
| 18:33 | Research | Horse Collar |
| 18:39 | Queue | Villager (Male) |
| 19:08 | Build | Watch Tower |
| 19:57 | Research | Gold Mining |
| 20:03 | Queue | Villager (Male) |
| 20:24 | Research | Stone Mining |
| 20:26 | Queue | Villager (Male) |
| 20:43 | Age | Castle Age |
| 20:48 | Research | Bodkin Arrow |
| 21:01 | Build | Siege Workshop |
| 21:09 | Queue | Villager (Male) |
| 21:09 | Queue | Villager (Male) |
| 21:38 | Queue | Iron Pagoda |
| 21:55 | Build | Mining Camp |
| 21:58 | Queue | Villager (Male) |
| 22:09 | Build | House |
| 22:29 | Queue | Villager (Male) |
| 22:37 | Queue | Villager (Male) |
| 22:39 | Build | House |
| 22:43 | Queue | Villager (Male) |
| 22:59 | Queue | Battering Ram |
| 23:06 | Queue | Villager (Male) |
| 23:08 | Queue | Villager (Male) |
| 23:09 | Queue | Villager (Male) |
| 23:13 | Queue | Villager (Male) |
| 23:33 | Build | Monastery |
| 23:49 | Queue | Villager (Male) |
| 23:49 | Queue | Villager (Male) |
| 23:50 | Queue | Villager (Male) |
| 23:52 | Build | House |
| 23:52 | Build | House |
| 23:53 | Build | House |
| 23:54 | Queue | Villager (Male) |
| 24:09 | Build | House |
| 24:13 | Queue | Villager (Male) |
| 24:15 | Queue | Iron Pagoda |
| 24:27 | Queue | Villager (Male) |
| 24:49 | Queue | Monk |
| 24:50 | Queue | Monk |
| 24:51 | Queue | Villager (Male) |
| 24:58 | Build | University |
| 25:03 | Queue | Villager (Male) |
| 25:12 | Build | Castle |
| 25:19 | Build | House |
| 25:20 | Build | House |
| 25:41 | Queue | Villager (Male) |
| 25:48 | Queue | Villager (Male) |
| 25:59 | Queue | Villager (Male) |
| 26:29 | Build | House |
| 26:30 | Build | House |
| 27:14 | Research | Imperial Age |
| 27:14 | Research | Imperial Age |
| 27:19 | Build | Outpost |
| 27:28 | Build | House |
| 27:29 | Build | House |
| 27:51 | Build | Outpost |
| 28:05 | Research | Bow Saw |
| 28:21 | Queue | Villager (Male) |
| 28:21 | Queue | Villager (Male) |
| 28:35 | Queue | Monk |
| 28:35 | Research | Sanctity |
| 28:50 | Research | Ballistics |
| 28:55 | Build | House |
| 29:04 | Queue | Villager (Male) |
| 29:09 | Build | Town Center |
| 29:27 | Build | Farm |
| 29:30 | Research | Heavy Plow |
| 30:02 | Queue | Villager (Male) |
| 30:24 | Age | Imperial Age |
| 30:55 | Build | Castle |
Build order — Chili
First 150 of 184 actions detected
| 0:00 | Queue | Villager (Male) |
| 0:01 | Queue | Villager (Male) |
| 0:02 | Build | House |
| 0:04 | Build | House |
| 0:05 | Queue | Villager (Male) |
| 0:05 | Queue | Villager (Male) |
| 1:13 | Queue | Villager (Male) |
| 2:01 | Queue | Villager (Male) |
| 2:01 | Queue | Villager (Male) |
| 2:22 | Build | Lumber Camp |
| 2:35 | Queue | Villager (Male) |
| 3:09 | Queue | Villager (Male) |
| 3:24 | Build | House |
| 3:32 | Queue | Villager (Male) |
| 3:36 | Build | House |
| 3:41 | Queue | Villager (Male) |
| 4:20 | Build | House |
| 4:27 | Queue | Villager (Male) |
| 4:27 | Queue | Villager (Male) |
| 4:41 | Build | Mill |
| 5:22 | Queue | Villager (Male) |
| 5:22 | Queue | Villager (Male) |
| 5:45 | Queue | Villager (Male) |
| 5:58 | Queue | Villager (Male) |
| 6:15 | Queue | Villager (Male) |
| 6:15 | Queue | Villager (Male) |
| 6:48 | Queue | Villager (Male) |
| 6:48 | Queue | Villager (Male) |
| 7:04 | Queue | Villager (Male) |
| 7:22 | Build | Farm |
| 7:23 | Build | Farm |
| 7:28 | Build | Farm |
| 8:10 | Research | Loom |
| 8:29 | Build | House |
| 8:30 | Build | House |
| 8:46 | Research | Feudal Age |
| 9:15 | Build | House |
| 9:39 | Queue | Villager (Male) |
| 9:42 | Build | Mining Camp |
| 10:45 | Build | Palisade Wall |
| 10:56 | Age | Feudal Age |
| 10:58 | Queue | Villager (Male) |
| 11:02 | Build | Market |
| 11:05 | Build | Blacksmith |
| 11:14 | Build | Watch Tower |
| 11:26 | Build | Palisade Wall |
| 11:27 | Build | Palisade Wall |
| 12:14 | Build | Palisade Wall |
| 12:15 | Build | Palisade Wall |
| 12:56 | Research | Castle Age |
| 14:34 | Queue | Villager (Male) |
| 15:36 | Age | Castle Age |
| 15:40 | Build | Siege Workshop |
| 15:45 | Queue | Villager (Male) |
| 16:05 | Queue | Mangonel |
| 16:17 | Queue | Villager (Male) |
| 16:30 | Build | House |
| 16:34 | Queue | Villager (Male) |
| 17:26 | Queue | Villager (Male) |
| 17:44 | Queue | Villager (Male) |
| 18:01 | Queue | Villager (Male) |
| 18:09 | Build | Farm |
| 18:18 | Build | Farm |
| 18:20 | Queue | Villager (Male) |
| 18:43 | Build | Stone Wall |
| 18:50 | Queue | Villager (Male) |
| 19:17 | Queue | Villager (Male) |
| 19:29 | Build | House |
| 19:49 | Queue | Villager (Male) |
| 19:49 | Queue | Villager (Male) |
| 20:09 | Queue | Mangonel |
| 20:13 | Queue | Villager (Male) |
| 20:21 | Build | Town Center |
| 20:48 | Queue | Villager (Male) |
| 21:09 | Queue | Villager (Male) |
| 21:37 | Build | House |
| 21:38 | Build | House |
| 21:44 | Build | Stone Wall |
| 21:48 | Queue | Villager (Male) |
| 21:50 | Build | Farm |
| 21:51 | Build | Farm |
| 21:58 | Build | House |
| 22:00 | Build | Palisade Wall |
| 22:06 | Queue | Villager (Male) |
| 22:37 | Queue | Villager (Male) |
| 22:38 | Build | Farm |
| 22:56 | Build | House |
| 22:56 | Build | House |
| 23:03 | Build | Lumber Camp |
| 23:05 | Queue | Villager (Male) |
| 23:09 | Build | Farm |
| 23:13 | Build | Farm |
| 23:33 | Queue | Villager (Male) |
| 23:50 | Queue | Villager (Male) |
| 23:50 | Queue | Villager (Male) |
| 24:02 | Build | Castle |
| 24:10 | Build | House |
| 24:12 | Build | Stone Wall |
| 24:13 | Queue | Villager (Male) |
| 24:50 | Build | Farm |
| 24:54 | Build | Farm |
| 24:55 | Build | Farm |
| 25:11 | Build | Farm |
| 25:33 | Build | Farm |
| 25:34 | Queue | Conquistador |
| 25:44 | Build | Farm |
| 25:48 | Build | Farm |
| 25:49 | Queue | Villager (Male) |
| 26:10 | Queue | Conquistador |
| 26:11 | Queue | Villager (Male) |
| 26:21 | Build | Stone Wall |
| 26:28 | Build | Farm |
| 26:30 | Build | Farm |
| 26:31 | Queue | Villager (Male) |
| 26:34 | Build | House |
| 26:49 | Queue | Villager (Male) |
| 26:58 | Queue | Conquistador |
| 27:03 | Queue | Mangonel |
| 27:15 | Queue | Villager (Male) |
| 27:16 | Queue | Villager (Male) |
| 27:30 | Build | House |
| 27:31 | Build | House |
| 27:32 | Queue | Villager (Male) |
| 27:32 | Queue | Villager (Male) |
| 27:48 | Queue | Villager (Male) |
| 27:57 | Build | House |
| 27:58 | Queue | Villager (Male) |
| 28:11 | Queue | Conquistador |
| 28:30 | Queue | Villager (Male) |
| 28:31 | Queue | Villager (Male) |
| 28:40 | Queue | Conquistador |
| 28:40 | Queue | Conquistador |
| 28:52 | Queue | Villager (Male) |
| 28:54 | Build | House |
| 28:55 | Build | House |
| 28:59 | Build | Farm |
| 29:00 | Build | Farm |
| 29:02 | Build | Farm |
| 29:02 | Queue | Villager (Male) |
| 29:07 | Build | Lumber Camp |
| 29:14 | Build | Castle |
| 29:16 | Queue | Conquistador |
| 29:33 | Queue | Villager (Male) |
| 29:33 | Queue | Villager (Male) |
| 29:38 | Build | Farm |
| 29:45 | Queue | Villager (Male) |
| 29:45 | Queue | Villager (Male) |
| 29:54 | Queue | Villager (Male) |
| 30:05 | Queue | Conquistador |
| 30:30 | Queue | Villager (Male) |
Match timeline
| 8:09 | Corzak · age_up feudal |
| 8:22 | Corzak · wall_segment Palisade Wall x1 |
| 10:45 | Chili · wall_segment Palisade Wall x4 |
| 10:56 | Chili · age_up feudal |
| 11:26 | Chili · wall_segment Palisade Wall x1 |
| 11:27 | Chili · wall_segment Palisade Wall x1 |
| 12:03 | Chili · first_market_sell 500 wood |
| 12:04 | Chili · first_market_buy 100 food |
| 12:14 | Chili · wall_segment Palisade Wall x1 |
| 12:15 | Chili · wall_segment Palisade Wall x1 |
| 12:35 | Corzak · wall_segment Palisade Wall x1 |
| 12:37 | Corzak · wall_segment Palisade Wall x1 |
| 12:38 | Corzak · wall_segment Palisade Wall x1 |
| 12:45 | Corzak · wall_segment Palisade Wall x1 |
| 12:47 | Corzak · wall_segment Palisade Wall x1 |
| 15:36 | Chili · age_up castle |
| 15:40 | Chili · first_building Siege Workshop |
| 17:37 | Corzak · first_market_sell 100 stone |
| 17:39 | Corzak · first_market_buy 100 food |
| 18:43 | Chili · wall_segment Stone Wall x1 |
| 20:43 | Corzak · age_up castle |
| 21:01 | Corzak · first_building Siege Workshop |
| 21:44 | Chili · wall_segment Stone Wall x11 |
| 22:00 | Chili · wall_segment Palisade Wall x6 |
| 23:33 | Corzak · first_building Monastery |
| 24:02 | Chili · first_building Castle |
| 24:12 | Chili · wall_segment Stone Wall x6 |
| 25:12 | Corzak · first_building Castle |
| 26:21 | Chili · wall_segment Stone Wall x8 |
| 30:24 | Corzak · age_up imperial |
| 33:58 | Chili · resign |
[ AI ANALYSIS · 1 CREDIT ]
What really happened in this match?
Wolo.gg analyzes every decision: build order, eco, micro, common mistakes by bracket. Personalized analysis on WhatsApp or Discord in 30 seconds.
Civ guide
Koreans
Perfil
Jugador #5350024